 Dungeon Sprint DCSS version 0.29-a0-384-g6960b1960d (webtiles) character file.

Game seed: 5169458735959804525

137461 mhtbhm the Axe Maniac (level 16, -5/183 HPs)
             Began as a Minotaur Berserker on May 7, 2022.
             Was the Champion of Trog.
             Killed by divine providence
             ... invoked by a royal mummy
              (15 damage)
             ... in the Dungeon (Sprint II: "The Violet Keep of Menkaure").
             The game lasted 00:22:29 (6937 turns).

mhtbhm the Axe Maniac (Minotaur Berserker)          Turns: 6937, Time: 00:22:32

Health: -5/183     AC: 36    Str: 45    XL:     16   Next: 69%
Magic:  15/15      EV: 13    Int:  4    God:    Trog [******]
Gold:   1589       SH:  0    Dex:  8    Spells: 15/15 levels left

rFire   + + +      SeeInvis +   a - +8 frozen axe "Frostbite" {freezing cloud, *Noise Fly rC+}
rCold   + + +      Faith    .   (shield currently unavailable)
rNeg    . . .      Spirit   .   b - +2 gold dragon scales
rPois   +          Reflect  +   (helmet unavailable)
rElec   +          Harm     .   R - +1 cloak {rCorr}
rCorr   +          Rampage  .   L - +0 pair of gloves {Str+3}
Will    +....      NoTele   +   G - +0 pair of boots of the Lost Path {*Slow rElec rPois SInv}
Stlth   ..........              j - amulet of reflection
HPRegen 0.40/turn               z - +6 ring of strength
MPRegen 0.14/turn               u - +6 ring of strength

@: confused, mighty, lethally poisoned (-5 -> -12), resistant, on berserk
cooldown, flying, hasted and slowed
A: horns 3, retaliatory headbutt, talons 1, large bone plates 1, see invisible,
clumsy 1, fire resistance 1, screaming 1, shaggy fur 1
a: Renounce Religion, Berserk, Trog's Hand, Brothers in Arms


You were in the Dungeon.
You worshipped Trog.
Trog was exalted by your worship.
You visited 1 branch You collected 7826 gold pieces.
You spent 6237 gold pieces at shops.

Inventory:

Hand Weapons
 a - the +8 frozen axe "Frostbite" (weapon) {freezing cloud, *Noise Fly rC+}
   (Trog gifted it to you in the Dungeon)

   It freezes those it strikes, dealing additional cold damage.
   It can also slow down cold-blooded creatures.
   It occasionally leaves clouds of freezing vapour upon striking a foe.
   It grants immunity to clouds of freezing vapour.
   rC:        It protects you from cold.
   Fly:       It grants you flight.
   *Noise:    It may make noises in combat.
 n - the +8 Wrath of Trog {antimagic, *Rage Rampage}
   (You acquired it in the Dungeon)

   It reduces the magical energy of the wielder, and disrupts the spells and
   magical abilities of those it strikes.
   Natural abilities and divine invocations are not affected.
   It causes slowness and exhaustion when equipped.
   It extends the wielder's berserk rage when killing foes.
   *Rage:     It berserks you when you make melee attacks (+50% chance).
   Rampage:   It bestows one free step when moving towards enemies.
 N - a +1 morningstar of holy wrath
Missiles
 r - a poisoned dart
 y - 5 curare-tipped darts (quivered)
 K - 2 atropa-tipped darts
Armour
 b - +2 gold dragon scales (worn)
 w - the +2 hat of the Bear Spirit {Spirit, *Rage Will++}
   (You found it in the Dungeon)

   Going berserk makes the wearer tougher, and they're slowed less afterward.
   *Rage:     It berserks you when you make melee attacks (+20% chance).
   Will:      It greatly increases your willpower.
 G - the +0 pair of boots of the Lost Path (worn) {*Slow rElec rPois SInv}
   (You acquired it in the Dungeon)

   rElec:     It insulates you from electricity.
   rPois:     It protects you from poison.
   SInv:      It lets you see invisible.
   *Slow:     It may slow you when you take damage.
 I - the +18 shield of the Gong {rElec rN+ Will+ EV-5}
   (You found it in the Dungeon)

   It is deafeningly noisy when blocking attacks.
   EV:        It affects your evasion (-5).
   rElec:     It insulates you from electricity.
   rN:        It protects you from negative energy.
   Will:      It increases your willpower.
 L - a +0 pair of gloves of strength (worn)
 R - a +1 cloak of preservation (worn)
Jewellery
 i - the ring "Fiyjuily" {rPois Str+4}
   (You bought it in a shop in the Dungeon)

   [ring of poison resistance]

   Str:       It affects your strength (+4).
   rPois:     It protects you from poison.
 j - an amulet of reflection (around neck)
 u - a +6 ring of strength (right hand)
 x - an amulet of the acrobat
 z - a +6 ring of strength (left hand)
 E - a +4 ring of protection
 O - a ring of protection from fire
 P - a ring of see invisible
Scrolls
 h - 4 scrolls of blinking
 k - 3 scrolls of immolation
 m - 4 scrolls of fear
 o - 2 scrolls of enchant weapon
 q - 2 scrolls of poison
 C - a scroll of acquirement
 J - 4 scrolls of identify
 S - a scroll of vulnerability {unknown}
Potions
 c - 7 potions of curing
 d - 4 potions of heal wounds
 e - 4 potions of haste
 f - 32 potions of magic
 g - 2 potions of berserk rage
 l - 2 potions of attraction
 v - 14 potions of flight
 A - 30 potions of mutation
 D - a potion of might
 F - a potion of cancellation
 H - a potion of invisibility
 M - a potion of ambrosia {unknown}
Miscellaneous
 s - a tin of tremorstones (2/2)
 t - a lightning rod (4/4)
 B - a phantom mirror


   Skills:
 O Level 27 Fighting
 O Level 27 Axes
 + Level 3.9 Throwing
 + Level 25.7 Armour
 + Level 16.3 Dodging
 + Level 5.0 Stealth
 + Level 11.9 Shields
 + Level 4.4 Evocations


You had 15 spell levels left.
You didn't know any spells.
Your spell library was empty.

Dungeon Overview and Level Annotations

Branches:
Dungeon (1/1)

Altars:
Cheibriados
Dithmenos
Elyvilon
Fedhas
Gozag
Hepliaklqana
Kikubaaqudgha
Makhleb
Nemelex Xobeh
Okawaru
Qazlal
Ru
Sif Muna
Trog
Uskayaw
Vehumet
Wu Jian
Xom
Yredelemnul
Zin
The Shining One
Beogh
Jiyva
Lugonu

Shops:
D (*:(!!:==!(*[*==*[[(=?[*([:!*(:?*:!*

Annotations:
D Gloorx Vloq


Innate Abilities, Weirdness & Mutations

You have a pair of large horns on your head.
You reflexively headbutt those who attack you in melee.
You have sharp toenails.
You are partially covered in large bone plates. (SH +4)
You have supernaturally acute eyesight. (SInv)
You are clumsy. (Dex -2)
Your flesh is heat resistant. (rF+)
You occasionally shout uncontrollably at your foes.
You are covered in fur. (AC +1)


Message History

You are exhausted.
You feel as though you will be slow longer.
You feel very sick.
The Executioner hits you but does no damage. x2
The Executioner completely misses you.
Gloorx Vloq hits you but does no damage.
The Executioner hits you but does no damage. x2
The Executioner barely misses you.
Gloorx Vloq calls on the powers of darkness!
Your body is wracked with pain!
* * * LOW HITPOINT WARNING * * *
Unknown command.
You miss Gloorx Vloq. You headbutt Gloorx Vloq!!!
Gloorx Vloq is severely wounded.
You carve the Executioner like a ham!!! You freeze the Executioner.
You are engulfed in dark miasma.
* * * LOW HITPOINT WARNING * * *
x2 You feel sick.
The Executioner hits you.
* * * LOW HITPOINT WARNING * * *
The Executioner hits you but does no damage. x2
The Executioner barely misses you.
The Executioner hits you but does no damage.
The Executioner completely misses you.
Gloorx Vloq calls on the powers of darkness!
Your body is wracked with pain!
* * * LOW HITPOINT WARNING * * *
You feel much better.
You are engulfed in dark miasma.
* * * LOW HITPOINT WARNING * * *
You feel very sick.
The Executioner hits you but does no damage.
The Executioner hits you.
* * * LOW HITPOINT WARNING * * *
The Executioner barely misses you.
The Executioner hits you but does no damage. x3
Gloorx Vloq calls on the powers of darkness!
Your body is wracked with pain!
* * * LOW HITPOINT WARNING * * *
The royal mummy gestures at you while chanting.
Something smites you!
You die...

###### # #.:..#
▓▓▓▓▓▓▓▓▓▓▓▓▓▓▓▓▓▓▓▓▓▓▓▓
###:.}}##▓...M1&@..'..♣♣.....♣♣..
#........▓...1V▓1..▓.♣♣..♣...♣♣..
#[.......▓....,▓.▓▓▓.♣♣..♣♣..♣♣.^
##⌠....#)▓▓▓.,,▓...▓.♣♣..♣♣^.♣...
≈##....#..▓▓▓+▓▓▓▓.▓.♣...♣♣......
≈§##''##...+...▓0..▓.....▓▓▓▓▓▓▓▓
§##≈.).###.#...▓▓▓▓▓▓▓▓▓▓▓▓▓▓▓▓▓.
##)≈..^..#.#°..▓≈≈≈≈≈§§≈▓▓▓....▓.
#####....#.##°:▓▓▓▓▓▓▓▓▓▓▓▓'▓▓.▓.


You could see Gloorx Vloq, a royal mummy, a vampire knight and 3 Executioners.

Vanquished Creatures
  the Lernaean hydra (D)
  A curse toe (D)
  2 golden dragons (D)
  A bone dragon (D)
  An electric golem (D)
  A hellephant (D)
  A deep elf blademaster (D)
  3 quicksilver dragons (D)
  A deep elf master archer (D)
  Gastronok (D)
  2 sphinxes (D)
  A kraken (D)
  Kirke (D)
  2 storm dragons (D)
  A draconian knight (D)
  A frost giant (D)
  A draconian shifter (D)
  A cacodemon (D)
  Nessos (D)
  3 lorocyprocas (D)
  A dire elephant (D)
  A crystal guardian (D)
  An iron golem (D)
  A deep elf high priest (D)
  A fire dragon (D)
  A yaktaur captain (D)
  A great orb of eyes (D)
  A centaur warrior (D)
  An iron elemental (D)
  A death yak (D)
  2 hell hogs (D)
  Sonja (D)
  A skeletal warrior (D)
  3 sixfirhies (D)
  A glowing orange brain (D)
  2 death drakes (D)
  An orange crystal statue (D)
  2 deep trolls (D)
  An obsidian statue (D)
  A harpy (D)
  15 shining eyes (D)
  3 orc sorcerers (D)
  An oklob plant (D)
  3 manticores (D)
  An ice statue (D)
  3 toenail golems (D)
  A merfolk siren (D)
  2 cane toads (D)
  An eye of devastation (D)
  An elephant (D)
  2 unseen horrors (D)
  A kobold demonologist (D)
  A yaktaur (D)
  5 polar bears (D)
  A hornet (D)
  6 flying skulls (D)
  3 yaks (D)
  5 wyverns (D)
  4 neqoxecs (D)
  2 redbacks (D)
  7 water moccasins (D)
  10 floating eyes (D)
  2 swamp drakes (D)
  3 black bears (D)
  2 earth elementals (D)
  5 necrophages (D)
  4 scorpions (D)
  9 electric eels (D)
  4 lava snakes (D)
  A jelly (D)
  An iron imp (D)
  4 orc priests (D)
  A hell rat (D)
  A spectral adder (D)
  A spectral bat (D)
  A ballistomycete spore (D)
  4 tentacles (D)
173 creatures vanquished.

Vanquished Creatures (others)
  A golden eye (D)
  Menkaure (D)
  A water moccasin (D)
  A ballistomycete spore (D)
  11 tentacles (D)
15 creatures vanquished.

Grand Total: 188 creatures vanquished

Notes
Turn   | Place    | Note
-------+----------+-------------------------------------------
     0 | D        | mhtbhm the Minotaur Berserker began the quest for the Orb.
     0 | D        | Reached XP level 1. HP: 19/19 MP: 0/0
     1 | D        | Noticed a necrophage
     1 | D        | Noticed a necrophage
     1 | D        | Noticed a necrophage
     1 | D        | Noticed a necrophage
     7 | D        | Killed a necrophage
     8 | D        | Reached XP level 2. HP: 31/31 MP: 1/1
     8 | D        | Reached XP level 3. HP: 38/38 MP: 2/2
    12 | D        | Killed a necrophage
    13 | D        | Reached XP level 4. HP: 48/48 MP: 3/3
    16 | D        | Killed a necrophage
    16 | D        | Reached ** piety under Trog
    17 | D        | Reached XP level 5. HP: 50/56 MP: 4/4
    19 | D        | Reached skill level 5 in Armour
    19 | D        | Reached skill level 5 in Dodging
    78 | D        | Killed Menkaure
   128 | D        | Reached skill level 10 in Fighting
   128 | D        | Reached skill level 10 in Axes
   128 | D        | Reached XP level 6. HP: 66/66 MP: 5/5
   135 | D        | Reached *** piety under Trog
   211 | D        | Noticed a neqoxec
   211 | D        | Noticed a neqoxec
   211 | D        | Noticed a neqoxec
   211 | D        | Noticed a neqoxec
   214 | D        | Killed a neqoxec
   215 | D        | Reached XP level 7. HP: 75/75 MP: 6/6
   217 | D        | Killed a neqoxec
   220 | D        | Killed a neqoxec
   220 | D        | Reached **** piety under Trog
   228 | D        | Killed a neqoxec
   296 | D        | Noticed a merfolk siren
   310 | D        | Killed a merfolk siren
   311 | D        | Reached XP level 8. HP: 51/86 MP: 7/7
   517 | D        | Found Gucur's Antique Weapon Shop.
   517 | D        | Found Gupud's Book Boutique.
   517 | D        | Found Iheed Ruhatu's Magic Scroll Boutique.
   517 | D        | Found Akhlukkol's Jewellery Shop.
   517 | D        | Found Qiech's Antique Armour Shop.
   517 | D        | Found Jiuf's Antique Weapon Boutique.
   518 | D        | Found Nuing's General Store.
   518 | D        | Found Zughem's Jewellery Shop.
   518 | D        | Found Huss's Jewellery Boutique.
   518 | D        | Found Yqiliod's Distillery.
   519 | D        | Found Teuqej's Weapon Shop.
   519 | D        | Found Virph's Distillery.
   520 | D        | Found Cacemm's Assorted Antiques.
   520 | D        | Found Diqoh's Antique Armour Shop.
   579 | D        | Noticed an oklob plant
   580 | D        | Found Kitemm's Book Shoppe.
   592 | D        | Reached ***** piety under Trog
   602 | D        | Noticed a shining eye
   605 | D        | Bought the ring "Fiyjuily" {rPois Str+4} for 389 gold
                  | pieces
   612 | D        | Bought an amulet of reflection for 330 gold pieces
   637 | D        | Bought a shiny scale mail for 161 gold pieces
   670 | D        | Found a glowing golden altar of the Shining One.
   670 | D        | Found an ornate altar of the Wu Jian Council.
   671 | D        | Found a shimmering altar of Xom.
   671 | D        | Found a sacrificial altar of Ru.
   672 | D        | Found a basalt altar of Yredelemnul.
   672 | D        | Found a shimmering blue altar of Sif Muna.
   672 | D        | Found a stormy altar of Qazlal.
   672 | D        | Found a viscous altar of Jiyva.
   673 | D        | Found a glowing silver altar of Zin.
   673 | D        | Found a bloodstained altar of Trog.
   673 | D        | Found an ancient bone altar of Kikubaaqudgha.
   674 | D        | Found a hide-covered altar of Uskayaw.
   674 | D        | Found a corrupted altar of Lugonu.
   674 | D        | Found a shadowy altar of Dithmenos.
   675 | D        | Found a radiant altar of Vehumet.
   675 | D        | Found a burning altar of Makhleb.
   675 | D        | Found a white marble altar of Elyvilon.
   676 | D        | Found a sparkling altar of Nemelex Xobeh.
   676 | D        | Found a blossoming altar of Fedhas.
   677 | D        | Found an iron altar of Okawaru.
   677 | D        | Found an opulent altar of Gozag.
   678 | D        | Noticed a yaktaur
   678 | D        | Noticed a hornet
   678 | D        | Noticed a polar bear
   678 | D        | Noticed a polar bear
   678 | D        | Noticed a polar bear
   684 | D        | Killed a polar bear
   685 | D        | Reached skill level 15 in Axes
   689 | D        | Killed a polar bear
   693 | D        | Killed a polar bear
   694 | D        | Reached XP level 9. HP: 81/96 MP: 8/8
   699 | D        | Reached skill level 15 in Fighting
   703 | D        | Killed a yaktaur
   902 | D        | Noticed a kraken
  1135 | D        | Killed a kraken
  1136 | D        | Reached skill level 1 in Shields
  1280 | D        | Found a snail-covered altar of Cheibriados.
  1322 | D        | Received a gift from Trog
  1376 | D        | Noticed a deep troll
  1377 | D        | Noticed a deep troll
  1382 | D        | Killed a deep troll
  1383 | D        | Reached skill level 10 in Dodging
  1383 | D        | Reached XP level 10. HP: 79/111 MP: 9/9
  1383 | D        | Killed a deep troll
  1384 | D        | Reached skill level 1 in Throwing
  1384 | D        | Reached skill level 10 in Armour
  1583 | D        | Noticed a sphinx
  1583 | D        | Noticed a sphinx
  1587 | D        | Killed a sphinx
  1587 | D        | Reached ****** piety under Trog
  1588 | D        | Killed a sphinx
  1639 | D        | Found a hazy altar of Hepliaklqana.
  1685 | D        | Noticed a death drake
  1685 | D        | Noticed a death drake
  1687 | D        | Noticed a crystal guardian
  1692 | D        | Killed a death drake
  1696 | D        | Killed a crystal guardian
  1696 | D        | Received a gift from Trog
  1697 | D        | Reached XP level 11. HP: 121/121 MP: 10/10
  1699 | D        | Killed a death drake
  1700 | D        | Reached skill level 1 in Stealth
  1742 | D        | Noticed a death yak
  1748 | D        | Killed a death yak
  1903 | D        | Gained mutation: Your mind is acute. (Int +2) [potion of
                  | mutation]
  1903 | D        | Gained mutation: You are covered in fur. (AC +1) [potion of
                  | mutation]
  1903 | D        | Gained mutation: You are resistant to electric shocks.
                  | (rElec) [potion of mutation]
  1948 | D        | Noticed a sixfirhy
  1952 | D        | Received a gift from Trog
  2379 | D        | Noticed a sixfirhy
  2382 | D        | Noticed a sixfirhy
  2392 | D        | Found Sism's Book Shoppe.
  2393 | D        | Found Joxzus's Magic Scroll Boutique.
  2404 | D        | Received a gift from Trog
  2404 | D        | Found the +8 frozen axe "Frostbite" {freezing cloud, *Noise
                  | Fly rC+}
  2422 | D        | Killed a sixfirhy
  2428 | D        | Killed a sixfirhy
  2434 | D        | Killed a sixfirhy
  2642 | D        | Noticed Gastronok
  2647 | D        | Killed Gastronok
  2655 | D        | Found the +2 hat of the Bear Spirit {Spirit, *Rage Will++}
  2655 | D        | Noticed a dire elephant
  2655 | D        | Noticed an orc sorcerer
  2655 | D        | Noticed an orc sorcerer
  2655 | D        | Noticed an orc sorcerer
  2657 | D        | Killed an orc sorcerer
  2657 | D        | Received a gift from Trog
  2660 | D        | Killed a dire elephant
  2660 | D        | Paralysed by an orc sorcerer for 4 turns
  2666 | D        | Killed an orc sorcerer
  2669 | D        | Killed an orc sorcerer
  2757 | D        | Identified the +4 great sword of Juoss {flame, Dex+4}
  2760 | D        | Identified the +2 shortbow "Eqel" {freeze, rPois rC+ Will-}
  2929 | D        | Identified the +6 dagger of Gluttony {drain, Drain +Blink
                  | Str+6}
  2936 | D        | Identified the +5 glaive of the Usurping Shark {drain, Fly
                  | Int+5}
  2938 | D        | Found Koly's General Store.
  2939 | D        | Found Niphul's Book Shoppe.
  2941 | D        | Noticed Nessos
  2946 | D        | Killed Nessos
  2947 | D        | Reached XP level 12. HP: 134/134 MP: 8/11
  2959 | D        | Bought 3 scrolls of identify for 78 gold pieces
  2963 | D        | Identified a scroll of acquirement
  2969 | D        | Acquired the +8 Wrath of Trog {antimagic, *Rage Rampage}
  2969 | D        | Found the +8 Wrath of Trog {antimagic, *Rage Rampage}
  3125 | D        | Noticed Sonja
  3125 | D        | Noticed a purple draconian shifter
  3125 | D        | Noticed a hellephant
  3131 | D        | Killed a purple draconian shifter
  3145 | D        | Killed a hellephant
  3146 | D        | Reached skill level 15 in Armour
  3146 | D        | Reached skill level 5 in Shields
  3147 | D        | Killed Sonja
  3147 | D        | Received a gift from Trog
  3310 | D        | Noticed a deep elf blademaster
  3319 | D        | Killed a deep elf blademaster
  3320 | D        | Reached skill level 1 in Evocations
  3341 | D        | Received a gift from Trog
  3695 | D        | Noticed a black draconian knight
  3737 | D        | Noticed the 27-headed Lernaean hydra
  3746 | D        | Gained mutation: Your magical capacity is low. (-10% MP) [a
                  | shining eye]
  3747 | D        | Gained mutation: Armour fits poorly on your strangely
                  | shaped body. [a shining eye]
  3750 | D        | Received a gift from Trog
  3768 | D        | Lost mutation: You are resistant to electric shocks.
                  | (rElec) [potion of mutation]
  3768 | D        | Lost mutation: Armour fits poorly on your strangely shaped
                  | body. [potion of mutation]
  3768 | D        | Gained mutation: You sometimes lose the ability to read
                  | scrolls when taking damage. [potion of mutation]
  3768 | D        | Gained mutation: Potions are less effective at restoring
                  | your health. [potion of mutation]
  3768 | D        | Gained mutation: You are resistant to electric shocks.
                  | (rElec) [potion of mutation]
  3769 | D        | Lost mutation: Your mind is acute. (Int +2) [potion of
                  | mutation]
  3769 | D        | Lost mutation: You sometimes lose the ability to read
                  | scrolls when taking damage. [potion of mutation]
  3769 | D        | Gained mutation: You have a pair of large horns on your
                  | head. [potion of mutation]
  3977 | D        | Killed a black draconian knight
  3977 | D        | Received a gift from Trog
  4063 | D        | Killed the 26-headed Lernaean hydra
  4064 | D        | Reached XP level 13. HP: 146/146 MP: 10/10
  4159 | D        | Found Imiv's Distillery.
  4180 | D        | Acquired the +0 pair of boots of the Lost Path {*Slow rElec
                  | rPois SInv}
  4204 | D        | Received a gift from Trog
  4219 | D        | Acquired 924 gold pieces
  4223 | D        | Acquired 618 gold pieces
  4335 | D        | Bought a runed cloak for 187 gold pieces
  4335 | D        | Bought a scroll labelled AQYPEZ RUTETS for 25 gold pieces
  4335 | D        | Bought a scroll of identify for 50 gold pieces
  4344 | D        | Bought a scroll of blinking for 105 gold pieces
  4344 | D        | Bought a potion of heal wounds for 70 gold pieces
  4344 | D        | Bought a scroll of enchant armour for 105 gold pieces
  4344 | D        | Bought a potion of attraction for 42 gold pieces
  4344 | D        | Bought a scroll of identify for 28 gold pieces
  4355 | D        | Bought a potion of might for 48 gold pieces
  4355 | D        | Bought a potion of mutation for 96 gold pieces
  4355 | D        | Bought a potion of curing for 36 gold pieces
  4355 | D        | Bought a potion of cancellation for 96 gold pieces
  4363 | D        | Bought a potion of heal wounds for 60 gold pieces
  4363 | D        | Bought a potion of mutation for 96 gold pieces
  4363 | D        | Bought a potion of heal wounds for 60 gold pieces
  4363 | D        | Bought a potion of invisibility for 96 gold pieces
  4373 | D        | Bought a scroll of identify for 28 gold pieces
  4373 | D        | Bought a scroll of poison for 49 gold pieces
  4373 | D        | Bought a scroll of fear for 49 gold pieces
  4373 | D        | Bought a scroll of identify for 28 gold pieces
  4373 | D        | Bought a scroll of acquirement for 728 gold pieces
  4373 | D        | Bought a scroll of fear for 49 gold pieces
  4373 | D        | Bought a scroll of fear for 49 gold pieces
  4378 | D        | Acquired a manual of Armour
  4391 | D        | Noticed Kirke
  4391 | D        | Noticed a storm dragon
  4392 | D        | Noticed a golden dragon
  4396 | D        | Killed Kirke
  4397 | D        | Noticed a frost giant
  4399 | D        | Noticed a bone dragon
  4400 | D        | Noticed a cacodemon
  4403 | D        | Received a gift from Trog
  4408 | D        | Killed a golden dragon
  4410 | D        | Killed a storm dragon
  4414 | D        | Killed a frost giant
  4415 | D        | Killed a cacodemon
  4418 | D        | Killed a bone dragon
  4420 | D        | Identified the +3 broad axe "Ziss" {vorpal, rElec} (Trog
                  | gifted it to you in the Dungeon)
  4420 | D        | Received a gift from Trog
  4846 | D        | Noticed a fire dragon
  4849 | D        | Reached skill level 27 in Axes
  4853 | D        | Received a gift from Trog
  4858 | D        | Killed a fire dragon
  4878 | D        | Found Zuclarr's Weapon Emporium.
  4878 | D        | Found Voubu's Weapon Shop.
  4878 | D        | Found Maheolo's Assorted Antiques.
  4878 | D        | Found Meria's Distillery.
  4878 | D        | Found Onge's Jewellery Boutique.
  4879 | D        | Found Olehiave's Jewellery Shoppe.
  4879 | D        | Found Zohan's Antique Armour Boutique.
  4879 | D        | Found Nuhaopp's Armour Emporium.
  4879 | D        | Found Fyfin's Assorted Antiques.
  4879 | D        | Found Niulosh's General Store.
  4879 | D        | Found Ubiamn's Armour Shop.
  4879 | D        | Found Kiwio's Antique Weapon Shoppe.
  4881 | D        | Bought 2 atropa-tipped darts for 13 gold pieces
  4885 | D        | Bought a +0 pair of gloves of strength for 149 gold pieces
  4886 | D        | Bought a glowing red potion for 24 gold pieces
  4886 | D        | Bought a scroll of acquirement for 1404 gold pieces
  4886 | D        | Bought a scratched moonstone ring for 135 gold pieces
  4886 | D        | Bought a small diamond ring for 135 gold pieces
  4889 | D        | Bought a scroll of enchant armour for 97 gold pieces
  4891 | D        | Bought a potion of experience for 550 gold pieces
  4891 | D        | Bought a potion of curing for 33 gold pieces
  4891 | D        | Bought a potion of curing for 33 gold pieces
  4891 | D        | Bought a potion of curing for 33 gold pieces
  4891 | D        | Bought a potion of might for 44 gold pieces
  4892 | D        | Bought a glowing cloak for 232 gold pieces
  4892 | D        | Bought a blackened marble ring for 155 gold pieces
  4892 | D        | Bought a scroll of identify for 62 gold pieces
  4892 | D        | Acquired the +4 plate armour "Sebyonad" {Will++ Dex-2
                  | Stlth+}
  4984 | D        | Gained mutation: You tend to lose your temper in combat.
                  | [mutagenic glow]
  5015 | D        | Lost mutation: You are resistant to electric shocks.
                  | (rElec) [mutagenic glow]
  5085 | D        | Noticed a storm dragon
  5094 | D        | Killed a storm dragon
  5214 | D        | Found Diytiez's General Store.
  5214 | D        | Found Iveoz's Distillery.
  5214 | D        | Found Dyagguy's Assorted Antiques.
  5214 | D        | Found Ellucza's Book Boutique.
  5214 | D        | Noticed a golden dragon
  5218 | D        | Killed a golden dragon
  5218 | D        | Received a gift from Trog
  5419 | D        | Noticed a deep elf master archer
  5437 | D        | Killed a deep elf master archer
  5438 | D        | Reached skill level 15 in Dodging
  5438 | D        | Reached XP level 14. HP: 148/166 MP: 11/11
  5486 | D        | Found the +18 shield of the Gong {rElec rN+ Will+ EV-5}
  5489 | D        | Received a gift from Trog
  5500 | D        | Reached skill level 27 in Fighting
  5500 | D        | Reached skill level 5 in Stealth
  5612 | D        | Noticed an electric golem
  5618 | D        | Received a gift from Trog
  5625 | D        | Killed an electric golem
  6215 | D        | Gained mutation: You are clumsy. (Dex -2) [a shining eye]
  6215 | D        | Gained mutation: Potions cannot restore your health. [a
                  | shining eye]
  6216 | D        | Paralysed by a floating eye for 2 turns
  6216 | D        | Gained mutation: You are very clumsy. (Dex -4) [a shining
                  | eye]
  6216 | D        | Gained mutation: Your magical capacity is very low. (-20%
                  | MP) [a shining eye]
  6219 | D        | Gained mutation: Armour fits poorly on your strangely
                  | shaped body. [a shining eye]
  6225 | D        | Gained mutation: Your flesh is heat resistant. (rF+) [a
                  | shining eye]
  6227 | D        | Reached skill level 10 in Shields
  6228 | D        | Gained mutation: You occasionally shout uncontrollably at
                  | your foes. [a shining eye]
  6242 | D        | Lost mutation: Your magical capacity is very low. (-20% MP)
                  | [potion of mutation]
  6242 | D        | Lost mutation: Potions cannot restore your health. [potion
                  | of mutation]
  6243 | D        | Lost mutation: You tend to lose your temper in combat.
                  | [potion of mutation]
  6243 | D        | Lost mutation: Your magical capacity is low. (-10% MP)
                  | [potion of mutation]
  6243 | D        | Lost mutation: Armour fits poorly on your strangely shaped
                  | body. [potion of mutation]
  6243 | D        | Gained mutation: You have sharp toenails. [potion of
                  | mutation]
  6243 | D        | Gained mutation: You are partially covered in large bone
                  | plates. (SH +4) [potion of mutation]
  6244 | D        | Lost mutation: Potions are less effective at restoring your
                  | health. [potion of mutation]
  6244 | D        | Lost mutation: You are very clumsy. (Dex -4) [potion of
                  | mutation]
  6244 | D        | Gained mutation: You have supernaturally acute eyesight.
                  | (SInv) [potion of mutation]
  6245 | D        | Identified the +8 rapier of Darkness {antimagic, rF- rN+++
                  | Str-5 Int+3}
  6444 | D        | Noticed a quicksilver dragon
  6449 | D        | Received a gift from Trog
  6452 | D        | Killed a quicksilver dragon
  6452 | D        | Noticed a quicksilver dragon
  6477 | D        | Killed a quicksilver dragon
  6544 | D        | Noticed a quicksilver dragon
  6550 | D        | Killed a quicksilver dragon
  6803 | D        | Reached XP level 15. HP: 174/174 MP: 14/14
  6804 | D        | Reached XP level 16. HP: 183/183 MP: 15/15
  6922 | D        | Noticed Gloorx Vloq
  6922 | D        | Noticed a curse toe
  6922 | D        | Noticed a royal mummy
  6925 | D        | Killed a curse toe
  6925 | D        | Received a gift from Trog
  6930 | D        | Noticed an Executioner
  6930 | D        | Noticed an Executioner
  6933 | D        | Noticed an Executioner
  6933 | D        | Noticed an Executioner
  6933 | D        | Noticed an Executioner
  6936 | D        | HP: 4/183 [Executioner[Gloorx Vloq] (6)]
  6937 | D        | Killed from afar by a royal mummy

Illustrated notes

Levels and vault maps discovered:
D:        the_violet_keep_of_menkaure [sprint2_stairs_cluster_1,
          sprint2_shoproom, sprint2_temple, sprint2_basic_supplies,
          sprint2_obstacle_2, sprint2_obstacle_7, sprint2_obstacle_4,
          sprint2_obstacle_3, sprint2_obstacle_5, sprint2_timed_cluster_1,
          sprint2_smallroom_cluster_1, sprint2_smallroom_final_cluster_1,
          sprint2_transparent_cluster_1, sprint2_second_timed_cluster_1,
          sprint2_sniper_area_1, sprint2_heavy_combat_area_1,
          sprint2_mutation_trap_area_1, sprint2_forest_area_1,
          sprint2_light_combat_area_1, sprint2_behind_water_1,
          sprint2_near_end_vault_1]

Skill      XL: |  1  2  3  4  5  6  7  8  9 10 11 12 13 14 |
---------------+-------------------------------------------+-----
Fighting       | 6 7 8 10 11 13 14 17 18 20 22 26 27 | 27.0
Axes           | 6 8 9 10 12 14 15 17 19 22 25 27 | 27.0
Armour         | 3 4 5 6 7 9 12 14 16 18 25 | 25.7
Dodging        | 3 4 5 6 7 8 10 11 12 13 15 16 | 16.3
Shields        | 1 3 4 6 7 11 | 11.9
Throwing       | 2 3 |  3.9
Stealth        | 1 3 4 5 |  5.0
Evocations     | 2 4 |  4.4

Action                   |  1- 3 |  4- 6 |  7- 9 | 10-12 | 13-15 | 16-18 || total
-------------------------+-------+-------+-------+-------+-------+-------++-------
Melee: Hand axe          |    10 |    16 |    93 |       |       |       ||   119
       Headbutt          |     1 |     3 |    18 |    23 |    35 |     7 ||    87
       Punch             |       |       |     1 |       |       |       ||     1
       Battleaxe         |       |       |     4 |    47 |       |       ||    51
       Executioner's axe |       |       |       |    90 |   134 |    11 ||   235
Throw: Dart              |       |       |     4 |     2 |       |       ||     6
Invok: Berserk           |     1 |     2 |     5 |     6 |     3 |     1 ||    18
       Brothers in Arms  |       |       |       |       |       |     1 ||     1
Evoke: Tin of tremorston |       |       |       |     2 |     2 |       ||     4
       Lightning rod     |       |       |       |     1 |       |       ||     1
  Use: Potion            |       |       |       |     7 |     6 |     4 ||    17
       Scroll            |       |       |       |     7 |    11 |       ||    18
Armor: Animal skin       |     1 |     1 |     1 |       |       |       ||     3
       Scale mail        |       |       |    16 |    49 |    23 |       ||    88
       Gold dragon scale |       |       |       |       |    38 |    22 ||    60
Dodge: Dodged            |     2 |     4 |    44 |    69 |    46 |     9 ||   174
Block: Other             |       |       |    13 |    12 |    15 |       ||    40

Table legend: (Time is in decaauts)
 A = Elapsed time spent in this place.
 B = Non-inter-level travel time spent in this place.
 C = Inter-level travel time spent in this place.
 D = Time resting spent in this place.
 E = Time spent auto-exploring this place.
 F = Levels seen in this place.
 G = Mean time per level.
                   A        B        C        D        E       F      G
               +--------+--------+--------+--------+--------+-----+--------+
         Total |   7103 |   7103 |      0 |   4540 |      0 |   1 | 7103.0 |
       Dungeon |   7103 |   7103 |      0 |   4540 |      0 |   1 | 7103.0 |
               +--------+--------+--------+--------+--------+-----+--------+

Top non-repeatable levels by time:
       D: 7103 daAuts
